 Dungeon Crawl Stone Soup version 0.23-a0-169-gb21e69520c (webtiles) character file.

637 Flugkiller the Caller (level 7, -2/24 HPs)
             Began as a Felid Summoner on Sept 12, 2018.
             Was an Initiate of Hepliaklqana.
             Shot with an arrow by a centaur (9 damage)
             ... on level 7 of the Dungeon.
             The game lasted 00:23:48 (10984 turns).

Flugkiller the Caller (Felid Summoner)             Turns: 10984, Time: 00:23:48

Health: -2/24      AC:  2    Str:  6    XL:     7   Next: 25%
Magic:  10/17      EV: 18    Int: 18    God:    Hepliaklqana [......]
Gold:   405        SH:  0    Dex: 17    Spells: 8/18 levels left
                                        Lives:  0   Deaths: 2

rFire    . . .     SeeInvis +   (weapon unavailable)
rCold    . . .     Gourm    .   (shield unavailable)
rNeg     . . .     Faith    .   (armour unavailable)
rPois    .         Spirit   .   (helmet unavailable)
rElec    .         Reflect  .   (cloak unavailable)
rCorr    .         Harm     .   (gloves unavailable)
MR       +....                  (boots unavailable)
Stlth    +++.......             (no amulet)
HPRegen  0.08/turn              o - ring of flight
MPRegen  0.15/turn              r - +2 ring of strength

@: quick
A: very small, no armour, no weapons or thrown items, stealth, reduced essence,
claws 1, fangs 3, see invisible, carnivore, speed 1, shaggy fur 2, slow
metabolism 1, sharp paws
a: Recall Ancestor, Ancestor Identity, Renounce Religion, Evoke Flight


You were on level 7 of the Dungeon.
You worshipped Hepliaklqana.
Hepliaklqana was noncommittal.
You were very full.

You visited 1 branch of the dungeon, and saw 7 of its levels.

You collected 405 gold pieces.

Inventory:

Jewellery
 o - a ring of flight (left paw)
 r - a +2 ring of strength (right paw)
Wands
 j - a wand of random effects (60)
 s - a wand of disintegration (12)
 u - a wand of paralysis (11)
Scrolls
 a - a scroll of teleportation
 c - a scroll of fog {unknown}
 d - 4 scrolls of amnesia
 f - 3 scrolls of enchant armour {unknown}
 m - 3 scrolls of remove curse
 p - a scroll of magic mapping {unknown}
 q - a scroll of blinking {unknown}
 v - a scroll of brand weapon {unknown}
 w - 2 scrolls of silence {unknown}
Potions
 e - a potion of lignification {unknown}
 g - 2 potions of ambrosia
 h - a potion of brilliance
 i - 3 potions of heal wounds {unknown}
 k - a potion of flight {unknown}
 l - 2 potions of curing
 n - a potion of resistance {unknown}
 t - a potion of agility
Comestibles
 b - 16 rations


   Skills:
 - Level 2.6 Dodging
 - Level 2.6 Stealth
 + Level 6.1 Spellcasting
 + Level 7.6 Summonings
 + Level 4.7 Ice Magic


You had 8 spell levels left.
You knew the following spells:

 Your Spells              Type           Power        Failure   Level  Hunger
a - Summon Small Mammal   Summ           ####         1%          1    None
b - Call Imp              Summ           ####....     1%          2    None
c - Call Canine Familiar  Summ           ####....     1%          3    ##.....
d - Summon Ice Beast      Ice/Summ       ####....     10%         4    ####...

Your spell library contained the following spells:

 Spells                   Type           Power        Failure   Level  Hunger
 Freeze                   Ice            ###.         1%          1    None
 Throw Frost              Conj/Ice       ##....       7%          2    None
 Summon Guardian Golem    Hex/Summ       ###.....     8%          3    ##.....
 Confusing Touch          Hex            #.....       12%         1    None
 Ozocubu's Armour         Chrm/Ice       ##......     14%         3    ##.....
 Summon Lightning Spire   Summ/Air       ###.....     26%         4    ####...
 Confuse                  Hex            #.......     34%         3    ##.....
 Gell's Gravitas          Tloc           #.........   34%         3    ##.....
 Throw Icicle             Conj/Ice       ##......     41%         4    ####...
 Petrify                  Tmut/Erth      #.......     75%         4    ####...
 Metabolic Englaciation   Hex/Ice        ##........   77%         5    #####..
 Yara's Violent Unravell  Hex/Tmut       #.........   97%         5    #####..


Dungeon Overview and Level Annotations

Branches:
Dungeon (7/15)             Temple (0/1) D:6

Altars:
Ashenzari
Cheibriados
Fedhas
Gozag
Hepliaklqana
Kikubaaqudgha
Nemelex Xobeh
Okawaru
Wu Jian
Xom
Yredelemnul
The Shining One


Innate Abilities, Weirdness & Mutations

You cannot wear armour.
You are incapable of wielding weapons or throwing items.
Your paws allow you to move quietly. (Stealth)
You have sharp claws.
You have razor-sharp teeth.
You have supernaturally acute eyesight. (SInv)
You are carnivorous and can eat meat at any time.
You cover ground quickly.
You are covered in thick fur. (AC +2)
You have a slow metabolism.
Your sharp claws are effective at attacking unaware monsters.
Your life essence is reduced to manifest your ancestor. (-10% HP)


Message History

What are your orders? t - Meow!
Orders for allies: a - Attack new target. r - Retreat! s - Stop attacking. g - Guard the area. f - Follow me.
Anything else - Cancel.
Gang up on whom?
Press: ? - help, Dir - move target cursor, f - centaur
Aim: a centaur, wielding a shortbow Attack!
The centaur shoots an arrow.
The arrow completely misses you.
The centaur shoots an arrow.
The arrow hits you!
Ouch! That really hurt!
* * * LOW HITPOINT WARNING * * *
The centaur shoots an arrow.
The arrow barely misses your ice beast. The arrow misses you.
You see here an arrow.
Your ice beast hits the centaur but does no damage.
The centaur shoots an arrow.
The arrow closely misses Meatshield.
The arrow hits you!
You die...

#.#.#.##.[#.# #...#.#.##...##
#.#..[......# #.#.#.#........
#.####)....[####.#.#.#########
#....'...>....................
######......####.###..########
######'####.#....##
#.......#.##..####
#....#..)....(...####
##...@.#.#.###..#.##..
####.....###....#.##.R
####.....#####..###8[.
####.....#####...#8...
#...........##Y#.###..
##...(R......##R#Y#_...
#......_......#.#.###..
#.....c..........##.(..
#....(..Y....########..


You could see the friendly Meatshield the ancestor and a centaur.

Vanquished Creatures
  An ogre (D:4)
  A hound skeleton (D:5)
  A bat (D:1)
  A kobold (D:1)
4 creatures vanquished.

Vanquished Creatures (collateral kills)
  An orc warrior (D:7)
  A black bear (D:6)
  A sky beast (D:7)
  3 phantoms
  A necrophage (D:5)
  2 ogres
  5 bullfrogs
  3 scorpions
  2 howler monkeys
  A bullfrog zombie (D:6)
  6 crimson imps
  2 gnoll shamans
  4 orc priests
  3 hounds
  4 orc wizards
  Ijyb (D:3)
  An iguana (D:4)
  3 worker ants
  A hound zombie (D:5)
  A mummy (D:7)
  2 worker ant zombies (D:6)
  Robin (D:4)
  8 gnolls
  10 adders
  A howler monkey skeleton (D:4)
  An ooze (D:2)
  3 worms
  2 leopard geckos
  25 orcs
  8 bats
  5 giant cockroaches
  23 goblins
  11 hobgoblins
  21 jackals
  3 quokkas
  A ball python (D:4)
  5 frilled lizards
  A jackal zombie (D:6)
  7 kobolds
  A leopard gecko skeleton (D:4)
  A leopard gecko zombie (D:5)
  10 rats
  A spectral orc (D:6)
197 creatures vanquished.

Vanquished Creatures (others)
  5 ancestors
5 creatures vanquished.

Grand Total: 206 creatures vanquished

Notes
Turn   | Place    | Note
-------+----------+-------------------------------------------
     0 | D:1      | Flugkiller the Felid Summoner began the quest for the Orb.
     0 | D:1      | Reached XP level 1. HP: 7/7 MP: 4/4
   773 | D:1      | Reached XP level 2. HP: 11/11 MP: 1/6
   980 | D:1      | Learned a level 2 spell: Call Imp
  1687 | D:2      | Found a hazy altar of Hepliaklqana.
  1998 | D:2      | Reached XP level 3. HP: 13/14 MP: 2/8
  2579 | D:3      | Learned a level 3 spell: Call Canine Familiar
  2586 | D:3      | Noticed Ijyb
  2603 | D:3      | Killed Ijyb
  2925 | D:3      | Reached XP level 4. HP: 14/18 MP: 6/9
  3605 | D:3      | Reached skill level 5 in Summonings
  4488 | D:4      | Learned a level 4 spell: Summon Ice Beast
  4500 | D:4      | Noticed a phantom
  4548 | D:4      | Killed a phantom
  4548 | D:4      | Reached XP level 5. HP: 20/21 MP: 4/11
  4707 | D:4      | Reached skill level 1 in Ice Magic
  5692 | D:4      | Noticed Robin
  5771 | D:4      | Killed Robin
  5795 | D:4      | Gained mutation: You are covered in thick fur. (AC +2)
                  | [Felid growth]
  5795 | D:4      | Reached XP level 6. HP: 23/24 MP: 5/13
  6674 | D:5      | Entered Level 5 of the Dungeon
  6764 | D:5      | Reached skill level 6 in Summonings
  7600 | D:5      | Found a shimmering altar of Xom.
  7659 | D:5      | Reached XP level 7. HP: 27/27 MP: 3/14
  8350 | D:5      | Found a sparkling altar of Nemelex Xobeh.
  8350 | D:5      | Found an opulent altar of Gozag.
  8398 | D:5      | Found a glowing golden altar of the Shining One.
  8540 | D:2      | Became a worshipper of Hepliaklqana the Forgotten
  8723 | D:6      | Reached skill level 5 in Spellcasting
  8979 | D:6      | Found an iron altar of Okawaru.
  9062 | D:6      | Found a staircase to the Ecumenical Temple.
  9402 | D:6      | Reached skill level 7 in Summonings
  9402 | D:6      | Reached XP level 8. HP: 22/27 MP: 10/17
  9476 | D:6      | Found a basalt altar of Yredelemnul.
  9606 | D:6      | Shot with an arrow by a centaur
  9607 | D:6      | Reached XP level 7. HP: -3/24 MP: 8/16
  9651 | D:6      | Shot with an arrow by a centaur
  9652 | D:6      | Reached XP level 6. HP: -1/21 MP: 4/15
  9955 | D:7      | Noticed an orc warrior
  9956 | D:7      | HP: 1/21 [orc priest/divine providence (15)]
 10274 | D:7      | Noticed a sky beast
 10337 | D:7      | Killed a sky beast
 10515 | D:7      | Killed an orc warrior
 10523 | D:7      | Reached XP level 7. HP: 24/24 MP: 2/16
 10765 | D:7      | Found a snail-covered altar of Cheibriados.
 10846 | D:7      | Found an ornate altar of the Wu Jian Council.
 10848 | D:7      | Found a shattered altar of Ashenzari.
 10899 | D:7      | Found an ancient bone altar of Kikubaaqudgha.
 10902 | D:7      | Found a blossoming altar of Fedhas.
 10984 | D:7      | Shot with an arrow by a centaur

Vault maps used:
D:1:      dpeg_arrival_connections
D:2:      old_standard_altar
D:3:      uniq_ijyb
D:4:      kennysheep_goblin_castle
D:5:      grunt_temple_overflow_opulence, led_xom_imps, tso_altar, first_ration
D:6:      yredelemnul_forgotten_temple_becter, kennysheep_okawaru_gauntlet,
          minmay_temple_entry_statues
D:7:      grunt_temple_overflow_growth_and_decay, slow_altar_1, minitemple

Skill      XL: |  1  2  3  4  5  6  7 |
---------------+----------------------+-----
Spellcasting   | 3 4 6 |  6.1
Summonings     | 5 6 7 |  7.6
Ice Magic      | 1 2 4 |  4.7
Dodging        | |  2.6
Stealth        | |  2.6

Action                   |  1- 3 |  4- 6 |  7- 9 || total
-------------------------+-------+-------+-------++-------
Melee: Unarmed           |    19 |    13 |     4 ||    36
       Bite              |     3 |     2 |       ||     5
 Cast: Summon Small Mamm |    37 |     1 |       ||    38
       Call Imp          |    46 |    90 |    21 ||   157
       Call Canine Famil |     1 |    30 |     9 ||    40
       Summon Ice Beast  |       |    12 |    22 ||    34
Invok: Recall Ancestor   |       |     1 |     3 ||     4
       Ancestor Identity |       |       |     1 ||     1
Evoke: Wand              |       |     1 |       ||     1
  Use: Scroll            |       |    11 |     1 ||    12
  Eat: Chunk             |    14 |    23 |     8 ||    45
Armor: Skin              |     4 |    17 |     1 ||    22
Dodge: Dodged            |    63 |   104 |    35 ||   202

Table legend:
 A = Non-vault XP
 B = Vault XP
 C = Vault XP percentage of total XP
 D = Non-vault monster count
 E = Vault monster count
 F = Vault count percentage of total count
                 A         B        C        D         E       F
            +---------+---------+-------+---------+---------+-------
      Total |    1915 |     151 |   7.3 |     172 |      29 |  14.4
            +---------+---------+-------+---------+---------+-------
        D:1 |      19 |       0 |   0.0 |      18 |       0 |   0.0
        D:2 |      32 |       0 |   0.0 |      21 |       0 |   0.0
        D:3 |      78 |      19 |  19.6 |      33 |       1 |   2.9
        D:4 |     336 |      46 |  12.0 |      25 |      21 |  45.7
        D:5 |     303 |      73 |  19.4 |      31 |       3 |   8.8
        D:6 |     704 |       5 |   0.7 |      29 |       3 |   9.4
        D:7 |     443 |       8 |   1.8 |      15 |       1 |   6.2
            +---------+---------+-------+---------+---------+-------
